 Dungeon Crawl Stone Soup version 0.22-a0-392-g5dc3fd9 (webtiles) character file.

559 raistware the Magician (level 7, -2/46 HPs)
             Began as a Mummy Earth Elementalist on May 2, 2018.
             Slain by Kairos's ghost (10 damage)
             ... on level 4 of the Dungeon.
             The game lasted 00:25:09 (6195 turns).

raistware the Magician (Mummy Earth Elementalist)   Turns: 6195, Time: 00:25:09

Health: -2/46      AC:  2    Str: 11    XL:     7   Next: 9%
Magic:  2/15       EV: 12    Int: 16    God:
Gold:   156        SH:  0    Dex: 13    Spells: 6/17 levels left

rFire    x . .     SeeInvis .   d - +0 whip
rCold    + . .     Gourm    .   (no shield)
rNeg     + + +     Faith    .   c - +0 robe
rPois    ∞         Spirit   .   (no helmet)
rElec    .         Reflect  .   (no cloak)
rCorr    .         Harm     .   (no gloves)
MR       .....                  (no boots)
Stlth    ++........             (no amulet)
HPRegen  0.15/turn              (no ring)
MPRegen  0.14/turn              (no ring)

@: very slightly contaminated
A: no food or potions, fire vulnerability, cold resistance 1, negative energy
resistance 3, torment resistance, unbreathing
a: no special abilities


You were on level 4 of the Dungeon.
You were not hungry.

You visited 1 branch of the dungeon, and saw 4 of its levels.
You also visited: Sewer.

You collected 156 gold pieces.

Inventory:

Hand Weapons
 d - a +0 whip (weapon)
Missiles
 b - a throwing net (quivered)
 o - 6 stones
Armour
 c - a +0 robe (worn)
 i - a +0 helmet
Wands
 j - a wand of random effects (36)
 n - a wand of paralysis (13)
Scrolls
 a - 4 scrolls of teleportation
 e - 2 scrolls of magic mapping
 f - a scroll of blinking {unknown}
 g - 2 scrolls of amnesia {unknown}
 h - a scroll of enchant armour {unknown}
 k - 3 scrolls of identify {unknown}
 l - a scroll of fog {unknown}
 m - a scroll of random uselessness {unknown}


   Skills:
 - Level 2.0 Dodging
 - Level 2.0 Stealth
 + Level 5.6 Spellcasting
 - Level 0.7 Transmutations
 * Level 5.5 Earth Magic


You had 6 spell levels left.
You knew the following spells:

 Your Spells              Type           Power        Failure   Level  Hunger
a - Sandblast             Erth           ###...       1%          1    N/A
b - Passwall              Tmut/Erth      ##........   6%          2    N/A
c - Stone Arrow           Conj/Erth      ##....       14%         3    N/A
d - Petrify               Tmut/Erth      ##......     36%         4    N/A
e - Apportation           Tloc           #.....       14%         1    N/A

Dungeon Overview and Level Annotations

Branches:
Dungeon (4/15)
 Temple: D:4-7

Altars:
Makhleb
Trog
Vehumet
Zin

Shops:
D:4 (

Annotations:
D:4 Kairos's ghost, novice DDFi


Innate Abilities, Weirdness & Mutations

You do not eat or drink.
Your flesh is vulnerable to fire.
You are immune to poison.
Your flesh is cold resistant. (rC+)
You are immune to negative energy. (rN+++)
You are immune to unholy pain and torment.
You can survive without breathing.


Message History

Kairos's ghost hits you.
You hit Kairos's ghost.
Kairos's ghost is moderately damaged.
Kairos's ghost hits you!
You hit Kairos's ghost.
Kairos's ghost is moderately damaged.
Kairos's ghost hits you.
* * * LOW HITPOINT WARNING * * *
You hit Kairos's ghost but do no damage.
Kairos's ghost is moderately damaged.
Kairos's ghost barely misses you.
You hit Kairos's ghost.
Kairos's ghost is moderately damaged.
Kairos's ghost hits you.
* * * LOW HITPOINT WARNING * * *
Kairos's ghost barely misses you.
You hit Kairos's ghost but do no damage.
Kairos's ghost is moderately damaged.
Kairos's ghost hits you!
You die...

#.......## #........#.#.
#....>...####........#.##
#........##...).(....# ..
#...........#........# #.
#..........##........###.
#........#..#............
#...#######.####..#######
#########.........# #
###<.W@.#####...#
#..)##### ##... #.###
#..# #.# #.. #.# #.####
################ #.#..#
#...............
#.#..####..............
#.##.#.#...............


You could see Kairos's ghost.

Vanquished Creatures
  A phantom (D:4)
  2 eyes of draining (D:3)
  An ogre (D:4)
  An orc priest (D:4)
  2 orc wizards (D:4)
  3 adders
  An ooze (D:3)
  An adder skeleton (D:4)
  2 worms
  6 leopard geckos
  10 bats
  8 giant cockroaches
  8 goblins
  7 hobgoblins
  11 jackals
  2 quokkas
  3 ball pythons
  4 frilled lizards
  8 kobolds
  4 rats
85 creatures vanquished.

Notes
Turn   | Place    | Note
-------+----------+-------------------------------------------
     0 | D:1      | raistware the Mummy Earth Elementalist began the quest for the Orb.
     0 | D:1      | Reached XP level 1. HP: 13/13 MP: 4/4
   281 | D:1      | Reached XP level 2. HP: 4/19 MP: 0/5
   351 | D:1      | Learned a level 2 spell: Passwall
  1229 | D:1      | Reached XP level 3. HP: 24/24 MP: 5/7
  1235 | D:1      | Learned a level 3 spell: Stone Arrow
  2050 | D:2      | Found a burning altar of Makhleb.
  2723 | D:2      | Reached XP level 4. HP: 30/30 MP: 0/9
  2971 | D:2      | Learned a level 4 spell: Petrify
  3001 | D:3      | Found a glowing drain.
  3131 | Sewer    | Entered a sewer
  4512 | D:3      | Noticed an eye of draining
  4624 | D:3      | Noticed an eye of draining
  4625 | D:3      | Found a bloodstained altar of Trog.
  4751 | D:3      | Killed an eye of draining
  4751 | D:3      | Reached XP level 5. HP: 35/35 MP: 0/11
  4784 | D:3      | Killed an eye of draining
  4784 | D:3      | Reached XP level 6. HP: 41/41 MP: 0/13
  4940 | D:4      | Reached skill level 5 in Spellcasting
  5157 | D:4      | Found a radiant altar of Vehumet.
  5165 | D:4      | Found Somit's Weapon Shop.
  5213 | D:4      | Reached skill level 5 in Earth Magic
  5293 | D:4      | Noticed Kairos's ghost (novice DDFi)
  5324 | D:3      | You fall through a shaft!
  5620 | D:4      | Learned a level 1 spell: Apportation
  5874 | D:3      | Found a glowing silver altar of Zin.
  5990 | D:4      | Reached XP level 7. HP: 25/46 MP: 1/15
  6195 | D:4      | Slain by Kairos's ghost

Vault maps used:
D:1:      grunt_arrival_lava_bath
D:2:      lemuel_crystal_altar
D:3:      lemuel_upstairs_altar, trog_eyes_of_draining, first_ration,
          cheibrodos_sewer_entry_drain
D:4:      nicolae_overflow_hidden_temple, serial_shops, shop,
          wad_rectangle_vault
Sewer:    sewer_fruit_machine

Skill      XL: |  1  2  3  4  5  6 |
---------------+-------------------+-----
Spellcasting   | 3 4 5 |  5.6
Stealth        | 2 |  2.0
Earth Magic    | 3 4 5 |  5.5
Dodging        | 2 |  2.0
Transmutations | |  0.7

Action                   |  1- 3 |  4- 6 |  7- 9 || total
-------------------------+-------+-------+-------++-------
Melee: Whip              |    43 |   107 |    10 ||   160
 Cast: Sandblast         |    53 |    12 |     2 ||    67
       Passwall          |     2 |     3 |       ||     5
       Stone Arrow       |    17 |    45 |     4 ||    66
  Use: Scroll            |       |     4 |       ||     4
 Stab: Sleeping          |     2 |       |       ||     2
Armor: Robe              |    11 |    22 |       ||    33
Dodge: Dodged            |    50 |    79 |     8 ||   137

Table legend:
 A = Spawn XP
 B = Non-spawn XP
 C = Spawn XP percentage of total XP
 D = Spawn monster count
 E = Non-spawn monster count
 F = Spawn count percentage of total count
 G = Total turns spent on level
                    A         B        C        D         E        F      G
               +---------+---------+-------+---------+---------+-------+---------
         Total |       0 |     799 |   0.0 |       0 |      85 |   0.0 |  6195
               +---------+---------+-------+---------+---------+-------+---------
           D:1 |       0 |      56 |   0.0 |       0 |      32 |   0.0 |  1660
           D:2 |       0 |      47 |   0.0 |       0 |      17 |   0.0 |  1312
           D:3 |       0 |     284 |   0.0 |       0 |      12 |   0.0 |  1207
           D:4 |       0 |     381 |   0.0 |       0 |       7 |   0.0 |   955
         Sewer |       0 |      31 |   0.0 |       0 |      17 |   0.0 |  1061
               +---------+---------+-------+---------+---------+-------+---------
